 Dungeon Crawl Stone Soup version 0.28.0-47-ge53b351184 (webtiles) character file.

Game seed: 11330949095321744520

0 Pemander the Vexing (level 1, -2/7 HPs)
             Began as a Felid Enchanter on May 2, 2022.
             Slain by a kobold
             ... wielding a +0 short sword
              (6 damage)
             ... on level 1 of the Dungeon.
             The game lasted 00:00:13 (34 turns).

Pemander the Vexing (Felid Enchanter)                 Turns: 34, Time: 00:00:14

Health: -2/7       AC:  1    Str:  4    XL:     1   Next: 8%
Magic:  4/4        EV: 17    Int: 22    God:
Gold:   0          SH:  0    Dex: 16    Spells: 4/4 levels left
                                        Lives:  0   Deaths: 0

rFire   . . .      SeeInvis +     - Unarmed
rCold   . . .      Faith    .   (shield unavailable)
rNeg    . . .      Spirit   .   (armour unavailable)
rPois   .          Reflect  .   (helmet unavailable)
rElec   .          Harm     .   (cloak unavailable)
rCorr   .          Rampage  .   (gloves unavailable)
Will    .....                   (boots unavailable)
Stlth   +++.......              (no amulet)
HPRegen 0.02/turn               b - +6 ring of intelligence
MPRegen 0.09/turn               (no ring)

@: quick
A: very small, claws 1, fangs 3, see invisible, speed 1, shaggy fur 1, stealthy
paws, no weapons or thrown items, no armour, multi-lived
a: no special abilities


You were on level 1 of the Dungeon.
You visited 1 branch of the dungeon, and saw 1 of its levels.

Inventory:

Jewellery
 b - a +6 ring of intelligence (left paw)
Potions
 a - a potion of invisibility


   Skills:
 - Level 2.6 Dodging
 - Level 4.0 Stealth
 + Level 1.0 Unarmed Combat
 - Level 2.0 Spellcasting
 + Level 4.4 Hexes


You had 4 spell levels left.
You didn't know any spells.
Your spell library contained the following spells:

 Spells                   Type           Power      Damage    Failure   Level
 Confusing Touch          Hex            21%        N/A       7%          3
 Tukima's Dance           Hex            21%        N/A       7%          3
 Ensorcelled Hibernation  Hex/Ice        22%        N/A       9%          2
 Dazzling Flash           Conj/Hex       22%        N/A       17%         3


Dungeon Overview and Level Annotations

Branches:
Dungeon (1/15)

Altars:


Innate Abilities, Weirdness & Mutations

You have sharp claws.
You have razor-sharp teeth.
You have supernaturally acute eyesight. (SInv)
You cover ground quickly. (Speed+)
You are covered in fur. (AC +1)
Your paws help you pounce on unaware monsters.
You are incapable of wielding weapons or throwing items.
You cannot wear armour.
You gain extra lives every three experience levels.


Message History

Welcome, Pemander the Felid Enchanter.
The Orb of Zot is coveted for many reasons.
Will you seize it for your own?
Press ? for a list of commands and other information.
Found a glowing onyx ring, a curved jewelled staff and 5 poisoned darts.
Found a staircase leading out of the dungeon.
Found a robe.
b - a +6 ring of intelligence A kobold comes into view.
It is wielding a +0 dagger.
You feel clever.
b - a +6 ring of intelligence (left paw)
The kobold shouts!
A kobold comes into view. It is wielding a +0 short sword.
You barely miss the kobold. You bite the kobold, but do no damage.
The kobold closely misses you.
You miss the kobold. The kobold hits you with a +0 dagger.
You scratch the kobold.
You kill the kobold!
The kobold hits you with a +0 short sword.
You closely miss the kobold. Your bite misses the kobold.
The kobold misses you.
You barely miss the kobold. You bite the kobold.
The kobold is moderately wounded.
The kobold closely misses you.
You scratch the kobold but do no damage.
The kobold is moderately wounded.
The kobold barely misses you.
You closely miss the kobold.
The kobold is moderately wounded.
The kobold barely misses you.
You barely miss the kobold.
The kobold is moderately wounded.
The kobold hits you with a +0 short sword.
Ouch! That really hurt!
You die...

#.##. ......
#.##.#...#.
#.......#.#
#.......#.#
########.##..K#..#
..........##.#...#
##...##...K....#...
##.....#.K#####.# .
#........#@.....#
..[.....#....#<.#
.........#...#.#.....#
..........##.#.......#
#............#...#...#
.............#...#...#
..#.....#.#...#|.# ...
.....#..#..... #.# .(
. .#


You could see a kobold.

Vanquished Creatures
  A kobold (D:1)
1 creature vanquished.

Notes
Turn   | Place    | Note
-------+----------+-------------------------------------------
     0 | D:1      | Pemander the Felid Enchanter began the quest for the Orb.
     0 | D:1      | Reached XP level 1. HP: 7/7 MP: 4/4
    34 | D:1      | Slain by a kobold

Illustrated notes

Levels and vault maps discovered:
D:1:      ebering_trefoil_3fold, layout_loops_cross

Action                   || total
-------------------------++-------
Melee: Unarmed           ||     8
       Bite              ||     2
Dodge: Dodged            ||     5
